AoeStats
← Juanfreelance

African Clearing

506995210Analyzed
4v4 RM · 17d ago on Sep 16, 2026· 34m 4s· 8 players
Game mode
Random Map
Map size
Large (8 player)
Population
200
Speed
Normal
Resources
Standard
Victory
Conquest
Starting age
Dark Age
Ending age
Imperial Age
RankedLock teamsTeams togetherTeam positionsShared explorationLock speedFull tech treeHidden civsTurbo modeCheats
Victory
Defeat
🇲🇽 Mongols · Mexico
1395
+10
🇲🇽 Franks · Mexico
1286
+14
🇲🇽 Sicilians · Mexico
1250
+16
1239
+16
🇵🇦 Persians · Panama
1294
-15
🇨🇴 Vietnamese · Colombia
1261
-15
1249
-14
🇨🇴 Mongols · Colombia
1199
-12
[CRX] Cristero
3:02 Loom
14:33 Feudal Age
19:04 Castle Age
19:42 Scale Barding Armor
19:47 Forging
19:57 Gold Mining
19:57 Double-Bit Axe
26:54 Husbandry
29:15 Iron Casting
32:39 Wheelbarrow
31:50 Town Watch
33:38 Hand Cart
[GDL] SEVONENKO
10:38 Loom
13:57 Feudal Age
14:24 Town Watch
34:12 Castle Age
32:09 Gold Mining
32:31 Horse Collar
32:43 Double-Bit Axe
33:09 Stone Mining
[Baratos] Roler The Lag Bringer
13:30 Feudal Age
18:06 Castle Age
15:56 Loom
18:12 Castle Age
18:35 Gold Mining
18:32 Double-Bit Axe
20:01 Bow Saw
21:20 Gold Mining
23:13 Horse Collar
23:26 Stone Mining
24:02 Town Watch
29:05 Heavy Plow
30:43 Wheelbarrow
31:56 Stone Shaft Mining
34:22 Imperial Age
32:03 Fletching
32:43 Padded Archer Armor
33:09 Ballistics
32:56 Husbandry
[GDL] ColimoteStudioS
3:19 Loom
14:05 Feudal Age
18:28 Castle Age
16:36 Double-Bit Axe
18:04 Gold Mining
17:59 Horse Collar
19:16 Fletching
22:14 Bloodlines
22:23 Bodkin Arrow
24:25 Town Watch
24:43 Padded Archer Armor
25:56 Leather Archer Armor
26:14 Ballistics
27:28 Wheelbarrow
27:44 Husbandry
33:16 Thumb Ring
Juanfreelance
5:41 Loom
16:19 Feudal Age
17:14 Double-Bit Axe
27:21 Castle Age
32:26 Elite Skirmisher
FC_CamShaca
3:22 Loom
12:50 Feudal Age
13:40 Town Watch
13:48 Double-Bit Axe
14:00 Horse Collar
14:08 Double-Bit Axe
19:24 Wheelbarrow
22:37 Castle Age
21:32 Stone Mining
22:12 Bloodlines
22:07 Gold Mining
23:35 Husbandry
25:41 Town Patrol
30:51 Fletching
32:15 Padded Archer Armor
32:53 Bodkin Arrow
33:32 Ballistics
FC_Jos3
4:18 Loom
14:05 Feudal Age
18:05 Castle Age
29:11 Wheelbarrow
30:22 Town Watch
31:16 Fletching
31:03 Crossbowman
31:57 Double-Bit Axe
32:52 Bodkin Arrow
FC_Proyecto_El_Conquistador_X
14:21 Feudal Age
13:13 Loom
19:07 Castle Age
17:47 Town Watch
17:49 Double-Bit Axe
17:58 Horse Collar
20:25 Bow Saw
Connection lost

Rejoining the realm…

Still unreachable

The connection could not be restored.

Session expired

The server has moved on; the page needs a fresh start.